 Dungeon Crawl Stone Soup version 0.16.2-12-gd0ad4c3 (webtiles) character file.

21 Kira the Sneak (level 2, -1/13 HPs)
             Began as a Spriggan Enchanter on Oct 23, 2015.
             Killed from afar by Crazy Yiuf (14 damage)
             ... with a wand of frost
             ... on level 2 of the Dungeon.
             The game lasted 00:02:45 (1296 turns).

Kira the Sneak (Spriggan Enchanter)                 Turns: 1296, Time: 00:02:45

Health: -1/13      AC:  2    Str:  4    XL:     2   Next: 65%
Magic:  6/8        EV: 18    Int: 16    God:
Gold:   105        SH:  0    Dex: 16    Spells: 2 memorised, 4 levels left

rFire  . . .     SeeInvis +     a - +1 dagger
rCold  . . .     Clarity  .     m - +0 robe (curse)
rNeg   . . .     SustAb   .     (shield restricted)
rPois  .         Gourm    .     (helmet restricted)
rElec  .         Spirit   .     (no cloak)
rCorr  .         Warding  .     (gloves unavailable)
rMut   .         Stasis   .     (boots unavailable)
MR     .....                    n - amulet of faith
Stlth  +++.......               (no ring)
                                (no ring)

@: very quick, not resistant to hostile enchantments, fairly stealthy
A: unfitting armour, see invisible, herbivore 3, speed 3, slow metabolism 2
a: no special abilities


You were on level 2 of the Dungeon.
You were not hungry.

You visited 1 branch of the dungeon, and saw 2 of its levels.

You collected 105 gold pieces.

Inventory:

Hand weapons
 a - a +1 dagger (weapon)
Armour
 b - a +1 robe
 m - a cursed +0 robe (worn)
Jewellery
 n - an amulet of faith (around neck)
Scrolls
 f - a scroll of remove curse {unknown}
 g - 3 scrolls of identify {unknown}
 i - a scroll of recharging {unknown}
 o - a scroll of random uselessness {unknown}
Potions
 e - 2 potions of brilliance {unknown}
 h - a potion of curing {unknown}
 j - a potion of heal wounds {unknown}
 k - a potion of haste
Books
 c - a book of Maledictions

   Spells                             Type                      Level
   a - Corona                         Hexes                        1
   b - Sure Blade                     Hexes/Charms                 2
   c - Ensorcelled Hibernation        Hexes/Ice                    2
   d - Confuse                        Hexes                        3
   e - Dazzling Spray                 Conjuration/Hexes            3
   f - Enslavement                    Hexes                        4
Comestibles
 d - a bread ration
 l - 3 fruits


   Skills:
 * Level 0.1 Fighting
 + Level 1.2 Short Blades
 + Level 3.2 Dodging
 + Level 4.6 Stealth
 + Level 3.4 Spellcasting
 + Level 3.9 Hexes


You had 4 spell levels left.
You knew the following spells:

 Your Spells              Type           Power        Failure   Level  Hunger
a - Corona                Hex            ###....      4%          1    None
b - Ensorcelled Hibernat  Hex/Ice        #.....       14%         2    ##.....


Dungeon Overview and Level Annotations

Branches:
Dungeon (2/15)

Altars:
Xom

Annotations:
D:2 Crazy Yiuf


Innate Abilities, Weirdness & Mutations

You are tiny and cannot use many weapons and most armour.
You have supernaturally acute eyesight.
You are a herbivore.
You cover ground extremely quickly.
You need consume almost no food.


Message History

There is a stone staircase leading down here.
You now have 105 gold pieces (gained 11).
Found 17 poisoned needles.
You see here 17 poisoned needles.
Found a hammer.
Crazy Yiuf the Enlightened comes into view.
He is wielding a quarterstaff of chaos.
Crazy Yiuf shouts!
Crazy Yiuf drinks a potion.
Crazy Yiuf seems to speed up.
Casting: Ensorcelled Hibernation
Confirm with . or Enter, or press ? or * to list all spells.
Aiming: Ensorcelled Hibernation
Press: ? - help, Shift-Dir - straight line, f - Crazy Yiuf
Aim: Crazy Yiuf, wielding a quarterstaff of chaos and wearing a cloak (fast, chance 50%) Crazy Yiuf looks drowsy...
The helpless Crazy Yiuf fails to defend himself.
You impale Crazy Yiuf!!
Crazy Yiuf is almost dead.
Crazy Yiuf zaps a wand.
The puff of frost hits you!
Ouch! That really hurt!
You die...

#.# #..####.. #.# #........
#.# #..####.> ### #..# #..
#..####.. #........ ######
##### ##.#####. ##.#.P##
###..)# #####.# #.
#......####..@g.# #.....######
#.......#..##...# #####.......
#.##.P.#.######## ########
#.######## ## #.# #. #.#
######### #. #.###...#...#
#####.
#.....#####.#############.....
#####.##...........##......)..


You could see Crazy Yiuf.

Vanquished Creatures
  A giant gecko (D:1)
  A ball python (D:1)
  3 bats
  2 goblins (D:1)
  4 hobgoblins
  A giant cockroach (D:2)
  A giant newt (D:1)
  4 jackals (D:1)
  2 rats
19 creatures vanquished.

Vanquished Creatures (others)
  4 toadstools (D:1)
4 creatures vanquished.

Grand Total: 23 creatures vanquished

Notes
Turn   | Place    | Note
--------------------------------------------------------------
     0 | D:1      | Kira, the Spriggan Enchanter, began the quest for the Orb.
     0 | D:1      | Reached XP level 1. HP: 9/9 MP: 4/4
   239 | D:1      | Reached XP level 2. HP: 10/13 MP: 1/8
   243 | D:1      | Learned a level 2 spell: Ensorcelled Hibernation
  1095 | D:2      | Found a shimmering altar of Xom.
  1288 | D:2      | Noticed Crazy Yiuf
  1296 | D:2      | Killed from afar by Crazy Yiuf

Action                   || total
-------------------------++-------
Melee: Dagger            ||    38
 Cast: Corona            ||     5
       Ensorcelled Hiber ||     5
 Stab: Sleeping          ||    13
